 Dungeon Crawl Stone Soup version 0.26-a0-1107-g6118521029 (webtiles) character file.

Game seed: 11221387166169205879

72 Dracia the Distorting Demonspawn (level 4, -4/32 (35) HPs)
             Began as a Demonspawn Abyssal Knight on Dec 16, 2020.
             Was a Believer of Lugonu.
             Slain by Crazy Yiuf
             ... wielding a +4 quarterstaff of chaos
              (12 damage)
             ... on level 2 of the Dungeon.
             The game lasted 00:02:04 (2327 turns).

Dracia the Distorting Demonspawn (DsAK)             Turns: 2327, Time: 00:02:05

HP:   -4/32 (35)    AC:  3    Str: 19    XL:     4   Next: 7%
MP:   0/6           EV: 11    Int: 13    God:    Lugonu [**....]
Gold: 119           SH:  0    Dex: 13    Spells: 3/3 levels left

rFire    . . .     SeeInvis .   a - +1 falchion
rCold    . . .     Faith    .   (no shield)
rNeg     . . .     Spirit   +   b - +0 leather armour
rPois    .         Reflect  .   (no helmet)
rElec    .         Harm     .   (no cloak)
rCorr    .         Rampage  .   (no gloves)
Will     .....                  (no boots)
Stlth    +.........             (no amulet)
HPRegen  0.10/turn              S - +6 ring of strength
MPRegen  0.10/turn              Z - ring of wizardry

@: drained
A: magic shield
a: Depart the Abyss, Bend Space, Renounce Religion


You were on level 2 of the Dungeon.
You worshipped Lugonu.
Lugonu was pleased with you.
You visited 1 branch of the dungeon, and saw 2 of its levels.
You visited the Abyss 1 time.

You collected 119 gold pieces.


Innate Abilities, Weirdness & Mutations

When hurt, damage is shared between your health and your magic reserves.


   Skills:
 - Level 3.0 Fighting
 * Level 3.4 Long Blades
 - Level 1.7 Armour
 - Level 0.8 Dodging
 + Level 3.7 Invocations


You had 3 spell levels left.
You didn't know any spells.
Your spell library was empty.

Inventory:

Hand Weapons
 a - a +1 falchion (weapon)
Armour
 b - a +0 leather armour (worn)
Jewellery
 S - a +6 ring of strength (left hand)
 Z - a ring of wizardry (right hand)
Scrolls
 d - a scroll of identify {unknown}
 f - 2 scrolls of remove curse {unknown}
 g - 3 scrolls of teleportation {unknown}
Potions
 c - a potion of lignification {unknown}
 e - a potion of invisibility {unknown}
 h - a potion of haste {unknown}
 i - a potion of mutation {unknown}
 j - a potion of resistance {unknown}
 k - 3 potions of magic {unknown}

Dungeon Overview and Level Annotations

Branches:
Dungeon (2/15)

Altars:
Fedhas
The Shining One

Annotations:
D:2 Crazy Yiuf

##.#
####..####
### ###...#
###.## #####
#..# #).)#
##.#######
#)..#
#........ .))
########. #g#
###### #.
♣@♣♣ #....#
## ♣♣.♣
#....# ###
♣)♣♣
#....#####..
♣♣)♣
#..........#
♣♣.♣♣
#....(......
♣♣...♣
#....#######
♣....♣ #....#
# ######
#....# #....#
#....#
#....###....#


You could see Crazy Yiuf.


Message History

Lugonu accepts your kill.
No target in view!
No target in view!
You see here a dart slug corpse.
You see here a dart slug corpse.
You see here a robe.
Key pressed, stopping explore.
Key pressed, stopping explore.
Key pressed, stopping explore.
Key pressed, stopping explore.
You see here 22 bolts.
Key pressed, stopping explore.
Crazy Yiuf says, "Defame!
Fluff sing-song canine."
You see here a runed mace.
You see here a mace.
Search for what [Enter for "armor", or ? for help]? armor You open the door.
You closely miss Crazy Yiuf.
Crazy Yiuf hits you with a +4 quarterstaff of chaos!
You feel drained.
You hit Crazy Yiuf.
Crazy Yiuf is lightly wounded.
Crazy Yiuf hits you with a +4 quarterstaff of chaos!
* * * LOW HITPOINT WARNING * * *
You feel drained.
* * * LOW HITPOINT WARNING * * *
You hit Crazy Yiuf.
Crazy Yiuf is lightly wounded.
Crazy Yiuf hits you with a +4 quarterstaff of chaos!
You die...

Skill      XL: |  1  2  3 |
---------------+----------+-----
Long Blades    | 2 3 |  3.4
Invocations    | 3 |  3.7
Fighting       | |  3.0
Armour         | |  1.7
Dodging        | |  0.8

Action                   |  1- 3 |  4- 6 || total
-------------------------+-------+-------++-------
Melee: Falchion          |   108 |     8 ||   116
  Use: Potion            |     1 |       ||     1
 Stab: Sleeping          |     1 |       ||     1
Armor: Leather armour    |    36 |     3 ||    39
Dodge: Dodged            |    75 |       ||    75
       Rpst.: Falchion   |    23 |       ||    23

Levels and vault maps discovered:
D:1:      saegor_arrival_miasma, layout_basic
D:2:      layout_rooms, lemuel_doored_altar, overflow_temple_1_default,
          uniq_crazy_yiuf_cottage

Notes
Turn   | Place    | Note
-------+----------+-------------------------------------------
     0 | Abyss:1  | Dracia the Demonspawn Abyssal Knight began the quest for
                  | the Orb.
     0 | Abyss:1  | Reached XP level 1. HP: 18/18 MP: 2/2
   119 | D:1      | You pass through the gate.
   119 | D:1      | Escaped the Abyss
   155 | D:1      | Reached skill level 2 in Long Blades
   415 | D:1      | Gained mutation: When hurt, damage is shared between your
                  | health and your magic reserves. [demonic ancestry]
   415 | D:1      | Reached XP level 2. HP: 24/24 MP: 4/4
   485 | D:1      | HP: 2/24 [poisoned by a kobold]
   493 | D:1      | HP: 1/24 [poisoned by a kobold]
  1098 | D:1      | Reached skill level 3 in Invocations
  1301 | D:2      | Found a blossoming altar of Fedhas.
  1417 | D:2      | Reached ** piety under Lugonu
  1499 | D:2      | Found a glowing golden altar of the Shining One.
  1536 | D:2      | Reached XP level 3. HP: 29/29 MP: 3/5
  1539 | D:2      | Reached skill level 3 in Long Blades
  2006 | D:2      | Reached XP level 4. HP: 29/35 MP: 6/6
  2075 | D:2      | Found a runed translucent door.
  2076 | D:2      | Noticed Crazy Yiuf
  2327 | D:2      | Slain by Crazy Yiuf

Vanquished Creatures
  3 adders (D:2)
  A dart slug (D:2)
  2 giant cockroaches (D:1)
  6 goblins
  3 hobgoblins
  2 jackals (D:2)
  7 kobolds
  A quokka (D:2)
  8 bats
  3 frilled lizards
  4 rats
40 creatures vanquished.

Table legend: (Time is in decaauts)
 A = Elapsed time spent in this place.
 B = Non-inter-level travel time spent in this place.
 C = Inter-level travel time spent in this place.
 D = Time resting spent in this place.
 E = Time spent auto-exploring this place.
 F = Levels seen in this place.
 G = Mean time per level.
                   A        B        C        D        E       F      G
               +--------+--------+--------+--------+--------+-----+--------+
         Total |   2344 |   2325 |     19 |    478 |   1586 |   3 |  781.3 |
       Dungeon |   2225 |   2206 |     19 |    478 |   1474 |   2 | 1112.5 |
         Abyss |    119 |    119 |      0 |      0 |    112 |   1 |  119.0 |
               +--------+--------+--------+--------+--------+-----+--------+

Top non-repeatable levels by time:
     D:1: 1190 daAuts
     D:2: 1035 daAuts
 Abyss:1: 119 daAuts

Table legend:
 A = Non-vault XP
 B = Vault XP
 C = Vault XP percentage of total XP
 D = Non-vault monster count
 E = Vault monster count
 F = Vault count percentage of total count
                 A         B        C        D         E       F
            +---------+---------+-------+---------+---------+-------
      Total |     104 |       0 |   0.0 |      40 |       0 |   0.0
            +---------+---------+-------+---------+---------+-------
        D:1 |      28 |       0 |   0.0 |      17 |       0 |   0.0
        D:2 |      76 |       0 |   0.0 |      23 |       0 |   0.0
            +---------+---------+-------+---------+---------+-------
